 Dungeon Crawl Stone Soup version 0.24.0-1-gfbc8707122 (webtiles) character file.

Game seed: 15613183221174085378, levelgen mode: deterministic

77 Aviak the Chopper (level 4, 41/41 HPs)
             Began as a Hill Orc Monk on Oct 26, 2019.
             Quit the game on level 2 of the Dungeon.
             The game lasted 00:02:15 (1527 turns).

Aviak the Chopper (Hill Orc Monk)                   Turns: 1527, Time: 00:02:15

Health: 41/41      AC:  7    Str: 14    XL:     4   Next: 34%
Magic:  4/4        EV: 11    Int: 10    God:
Gold:   44         SH:  0    Dex: 13    Spells: 3/3 levels left

rFire    . . .     SeeInvis .   a - +0 hand axe
rCold    . . .     Gourm    .   (no shield)
rNeg     . . .     Faith    .   s - +0 ring mail
rPois    .         Spirit   .   (no helmet)
rElec    .         Reflect  .   (no cloak)
rCorr    .         Harm     .   m - +0 pair of gloves
MR       .....                  h - +0 pair of boots
Stlth    +.........             g - amulet of rage
HPRegen  0.13/turn              (no ring)
MPRegen  0.09/turn              (no ring)

@: no status effects
A: no striking features
a: Evoke Berserk Rage


You were on level 2 of the Dungeon.
You were not hungry.

You visited 1 branch of the dungeon, and saw 2 of its levels.

You collected 44 gold pieces.

Inventory:

Hand Weapons
 a - a +0 hand axe (weapon)
Armour
 b - a +0 robe
 h - a +0 pair of boots (worn)
 m - a +0 pair of gloves (worn)
 s - a +0 ring mail (worn)
Jewellery
 g - an amulet of rage (around neck)
 k - a -4 ring of slaying
Scrolls
 f - a scroll of immolation {unknown}
 j - 2 scrolls of identify {unknown}
 q - a scroll of noise {unknown}
 r - 2 scrolls of remove curse
 t - 2 scrolls of teleportation
Potions
 d - a potion of haste {unknown}
 e - a potion of mutation {unknown}
 i - a potion of curing {unknown}
 l - a potion of ambrosia {unknown}
 n - 2 potions of magic {unknown}
 p - a potion of heal wounds {unknown}
Comestibles
 c - 2 rations
 o - 2 chunks of flesh


   Skills:
 + Level 4.6 Fighting
 + Level 5.1 Axes
 + Level 3.0 Dodging
 - Level 1.5 Stealth


You had 3 spell levels left.
You didn't know any spells.
Your spell library was empty.

Dungeon Overview and Level Annotations

Branches:
Dungeon (2/15)

Altars:
Makhleb


Message History

The bat misses you.
You closely miss the bat.
The bat is severely wounded.
The bat hits you but does no damage.
You closely miss the bat.
The bat is severely wounded.
The bat misses you.
You hit the bat.
You kill the bat!
No target in view!
No target in view!
No target in view!
No target in view!
No target in view!
No target in view!
No target in view!
No target in view!
No target in view!
No target in view!
Are you sure you want to abandon this character and quit the game? (Confirm with "yes".)

#. ## # .. . .#....
#########...... #........#
......### #........# ..#......
#..@.....# #.###.###
#........###..##....
#..............####. ###########
#...........#...###. #.........##
#........#..........
#.####.##..###############..#.##.
#.###...##..##### #(.#.#..
#.##.....##.....# #..#...#
#.#.......#.....#### #...##.#


There were no monsters in sight!

Vanquished Creatures
  3 adders (D:2)
  An ooze (D:1)
  A worm (D:2)
  A dart slug (D:2)
  2 leopard geckos (D:2)
  3 giant cockroaches
  5 goblins
  4 hobgoblins
  3 jackals (D:1)
  A quokka (D:2)
  5 bats
  A frilled lizard (D:1)
  5 kobolds
  3 rats
38 creatures vanquished.

Notes
Turn   | Place    | Note
-------+----------+-------------------------------------------
     0 | D:1      | Aviak the Hill Orc Monk began the quest for the Orb.
     0 | D:1      | Reached XP level 1. HP: 19/19 MP: 1/1
   159 | D:1      | Reached XP level 2. HP: 18/27 MP: 2/2
   327 | D:1      | Reached XP level 3. HP: 27/33 MP: 3/3
  1016 | D:2      | Reached XP level 4. HP: 39/41 MP: 4/4
  1360 | D:2      | Reached skill level 5 in Axes
  1449 | D:2      | Found a burning altar of Makhleb.
  1527 | D:2      | Quit the game

Levels and vault maps discovered:
D:1:      nzn_arrival_settlement, layout_loops_ring
D:2:      layout_rooms, lemuel_round_altar

Skill      XL: |  1  2  3  4 |
---------------+-------------+-----
Fighting       | 4 |  4.6
Dodging        | 3 |  3.0
Axes           | 5 |  5.1
Stealth        | |  1.5

Action                   |  1- 3 |  4- 6 || total
-------------------------+-------+-------++-------
Melee: Hand axe          |   103 |    47 ||   150
  Use: Scroll            |     2 |       ||     2
 Stab: Sleeping          |     2 |       ||     2
  Eat: Chunk             |       |     2 ||     2
Armor: Robe              |    22 |     5 ||    27
       Ring mail         |       |    14 ||    14
Dodge: Dodged            |    72 |    30 ||   102
